 Dungeon Crawl Stone Soup version 0.25-a0-294-gea9b1ad378 (webtiles) character file.

Game seed: 11411319208472306342, levelgen mode: deterministic

3 Fukker the Magician (level 1, -2/15 HPs)
             Began as a Demonspawn Wanderer on Dec 17, 2019.
             Slain by a kobold (4 damage)
             ... on level 1 of the Dungeon.
             The game lasted 00:01:55 (176 turns).

Fukker the Magician (Demonspawn Wanderer)            Turns: 176, Time: 00:01:56

Health: -2/15      AC:  2    Str: 11    XL:     1   Next: 41%
Magic:  4/4        EV: 11    Int: 14    God:
Gold:   0          SH:  0    Dex: 12    Spells: 5/6 levels left

rFire    . . .     SeeInvis .   a - +0 dagger
rCold    . . .     Gourm    .   (no shield)
rNeg     . . .     Faith    .   c - +0 robe
rPois    .         Spirit   .   (no helmet)
rElec    .         Reflect  .   (no cloak)
rCorr    .         Harm     .   (no gloves)
MR       .....                  (no boots)
Stlth    ++........             (no amulet)
HPRegen  0.05/turn              (no ring)
MPRegen  0.09/turn              (no ring)

@: no status effects
A: no striking features
a: no special abilities


You were on level 1 of the Dungeon.
You were not hungry.

You visited 1 branch of the dungeon, and saw 1 of its levels.

Inventory:

Hand Weapons
 a - a +0 dagger (weapon)
Missiles
 d - 4 stones (quivered)
Armour
 c - a +0 robe (worn)
Jewellery
 e - a +5 ring of strength {unknown}
Potions
 b - a potion of curing
Comestibles
 f - a ration


   Skills:
 - Level 1.0 Fighting
 * Level 0.8 Short Blades
   Level 1.0 Staves
 - Level 1.0 Stealth
   Level 1.0 Shields
 - Level 3.0 Spellcasting
 - Level 1.0 Conjurations
   Level 1.0 Hexes
   Level 1.0 Evocations


You had 5 spell levels left.
You knew the following spells:

 Your Spells              Type           Power        Failure   Level  Hunger
a - Magic Dart            Conj           #...         14%         1    #......

Your spell library contained the following spells:

 Spells                   Type           Power        Failure   Level  Hunger
 Slow                     Hex            #.......     22%         2    ##.....
 Blink                    Tloc           N/A          32%         2    ##.....
 Call Imp                 Summ           #.......     32%         2    ##.....
 Conjure Flame            Conj/Fire      #.......     45%         3    ###....
 Mephitic Cloud           Conj/Pois/Air  #.......     50%         3    ###....


Dungeon Overview and Level Annotations

Branches:
Dungeon (1/15)

Altars:


Message History

The bat barely misses you.
The kobold throws a stone.
The stone hits you.
* * * LOW HITPOINT WARNING * * *
You see here a stone.
The kobold throws a stone.
The stone barely misses you.
A goblin opens the door.
Found a ration.
The kobold throws a stone.
The stone closely misses you. The bat closely misses you.
You see here a bone ring.
e - a bone ring The bat hits you but does no damage.
The kobold throws a stone.
The stone barely misses you. The hobgoblin hits you with a +0 club.
* * * LOW HITPOINT WARNING * * *
A kobold comes into view.
The kobold shouts!
The kobold moves out of view.
The hobgoblin hits you but does no damage.
The kobold throws a stone.
The stone closely misses you. The kobold hits you.
You die...

....#..((# ##+####....
#.......###.....#....
###...('.....#....
#####.(....#.....#..r.
...#.g#...'.....#....
#####.#s.#...#.....#.###
..(....gg.##.........#
........K.##.........#
.....K.@b.##.........#
...............###...###
..............##.##.....
.w............#...#.....
.#............'.<.'.....
..............#K..#.....
..............##.##.....
...............###)...##
................#


You could see a dart slug (wandering), a giant cockroach, 2 hobgoblins, a
goblin, a bat and 2 kobolds.

Vanquished Creatures
  A leopard gecko (D:1)
  A frilled lizard (D:1)
  A kobold (D:1)
3 creatures vanquished.

Notes
Turn   | Place    | Note
-------+----------+-------------------------------------------
     0 | D:1      | Fukker the Demonspawn Wanderer began the quest for the Orb.
     0 | D:1      | Fukker set off with the following items: a +0 dagger, a
                  | potion of curing, a +0 robe, a ration; and the following
                  | spell memorised: Magic Dart; and the following spells
                  | available to memorise: Slow, Blink, Call Imp, Conjure
                  | Flame, Mephitic Cloud
     0 | D:1      | Reached XP level 1. HP: 15/15 MP: 4/4
   176 | D:1      | Slain by a kobold

Levels and vault maps discovered:
D:1:      dpeg_arrival_shelter, layout_basic, st_stairs_9

Action                   || total
-------------------------++-------
Melee: Dagger            ||    18
Armor: Robe              ||    11
Dodge: Dodged            ||    33

Table legend:
 A = Non-vault XP
 B = Vault XP
 C = Vault XP percentage of total XP
 D = Non-vault monster count
 E = Vault monster count
 F = Vault count percentage of total count
                 A         B        C        D         E       F
            +---------+---------+-------+---------+---------+-------
      Total |       5 |       0 |   0.0 |       3 |       0 |   0.0
            +---------+---------+-------+---------+---------+-------
        D:1 |       5 |       0 |   0.0 |       3 |       0 |   0.0
            +---------+---------+-------+---------+---------+-------
